 Dungeon Crawl Stone Soup version 0.26-a0-639-g72c4674329 (webtiles) character file.

Game seed: 17684822043958317394

329 Peloso the Skirmisher (level 6, -5/48 HPs)
             Began as a Demonspawn Fighter on Sept 15, 2020.
             Killed by nerve-wracking pain
             ... invoked by Menkaure
              (13 damage)
             ... on level 4 of the Dungeon.
             The game lasted 00:08:11 (3489 turns).

Peloso the Skirmisher (Demonspawn Fighter)          Turns: 3489, Time: 00:08:12

Health: -5/48      AC: 11    Str: 19    XL:     6   Next: 25%
Magic:  6/6        EV:  7    Int:  9    God:
Gold:   138        SH:  9    Dex: 12    Spells: 5/5 levels left

rFire    + . .     SeeInvis .   a - +0 long sword
rCold    . . .     Faith    .   c - +0 kite shield
rNeg     . . .     Spirit   .   f - +0 scale mail
rPois    .         Reflect  .   (helmet restricted)
rElec    .         Harm     .   i - +0 cloak
rCorr    .         Rampage  .   o - +2 pair of gloves
MR       .....                  (no boots)
Stlth    ..........             (no amulet)
HPRegen  0.16/turn              (no ring)
MPRegen  0.10/turn              (no ring)

@: no status effects
A: horns 1, fire resistance 1, flame cloud immunity
a: no special abilities


You were on level 4 of the Dungeon.
You visited 1 branch of the dungeon, and saw 4 of its levels.

You collected 138 gold pieces.

Inventory:

Hand Weapons
 a - a +0 long sword (weapon)
Armour
 c - a +0 kite shield (worn)
 f - a +0 scale mail (worn)
 i - a +0 cloak (worn)
 o - a +2 pair of gloves (worn)
Scrolls
 e - a scroll of enchant weapon {unknown}
 g - 3 scrolls of remove curse
 h - 3 scrolls of teleportation
 j - 4 scrolls of identify
 l - a scroll of enchant armour {unknown}
 r - 2 scrolls of fear
Potions
 b - a potion of stabbing
 d - 3 potions of might
 k - a potion of ambrosia
 m - a potion of flight {unknown}
 n - a potion of haste {unknown}
 p - a potion of heal wounds {unknown}
 q - 2 potions of curing {unknown}
 s - a potion of brilliance {unknown}
 t - a potion of lignification {unknown}


   Skills:
 + Level 3.9 Fighting
 + Level 3.5 Long Blades
 + Level 3.9 Armour
 + Level 1.0 Dodging
 + Level 3.8 Shields


You had 5 spell levels left.
You didn't know any spells.
Your spell library contained the following spells:

 Spells                   Type           Power        Failure   Level
 Confusing Touch          Hex            #.......     100%        3
 Gell's Gravitas          Tloc           #.........   100%        3
 Petrify                  Tmut/Erth      #.......     100%        4
 Metabolic Englaciation   Hex/Ice        #.........   100%        5
 Yara's Violent Unravell  Hex/Tmut       #.........   100%        5


Dungeon Overview and Level Annotations

Branches:
Dungeon (4/15)
 Temple: D:4-7

Altars:

Annotations:
D:4 1 runed translucent door, Menkaure; rasy's ghost, amateur FoFi


Innate Abilities, Weirdness & Mutations

You have a pair of small horns on your head.
Your flesh is heat resistant. (rF+)
You are immune to clouds of flame.


Message History

There are monsters nearby!
Menkaure hits you!!
You hit Menkaure but do no damage. You block Menkaure's attack.
You barely miss Menkaure.
Menkaure calls on the powers of darkness!
Your body is wracked with pain!
The worm convulses!
Your shield and scale mail prevent you from hitting Menkaure.
You headbutt Menkaure.
Menkaure is lightly damaged.
The worm bites you.
* * * LOW HITPOINT WARNING * * *
Menkaure barely misses you.
You riposte.
You hit Menkaure.
Menkaure is moderately damaged.
You slash Menkaure!
Menkaure is heavily damaged.
The worm bites you.
* * * LOW HITPOINT WARNING * * *
Menkaure gestures at you while chanting.
Pain shoots through your body!
You die...

#...#......#..................
#####...######...##...####..##
#.#############>..## #+# ###
#..............#
#..............#
#..............#
##..##.####...##
##..##'####...#
#...M@.........#
#...w..........#
#.......$......#
#..(.......... #.............
###..######... #+# ###


You could see Menkaure and a worm.

Vanquished Creatures
  2 orc wizards
  Jessica (D:2)
  Terence (D:3)
  2 worker ants (D:4)
  6 adders
  3 gnolls (D:3)
  An ooze (D:3)
  2 worms (D:3)
  3 dart slugs
  5 leopard geckos
  4 orcs
  8 bats
  3 giant cockroaches
  7 hobgoblins
  4 frilled lizards
  11 goblins
  8 kobolds
  10 rats
81 creatures vanquished.

Notes
Turn   | Place    | Note
-------+----------+-------------------------------------------
     0 | D:1      | Peloso the Demonspawn Fighter began the quest for the Orb.
     0 | D:1      | Reached XP level 1. HP: 18/18 MP: 1/1
   116 | D:1      | Gained mutation: Your flesh is heat resistant. (rF+)
                  | [demonic ancestry]
   116 | D:1      | Reached XP level 2. HP: 17/24 MP: 2/2
   553 | D:1      | Gained mutation: You have a pair of small horns on your
                  | head. [demonic ancestry]
   553 | D:1      | Reached XP level 3. HP: 25/29 MP: 3/3
  1531 | D:2      | Noticed Jessica
  1539 | D:2      | Killed Jessica
  1539 | D:2      | Gained mutation: You are immune to clouds of flame.
                  | [demonic ancestry]
  1539 | D:2      | Reached XP level 4. HP: 35/35 MP: 4/4
  2207 | D:3      | Reached XP level 5. HP: 41/41 MP: 5/5
  2704 | D:3      | Noticed Terence
  2727 | D:3      | Killed Terence
  2748 | D:3      | Reached skill level 1 in Dodging
  3079 | D:4      | Reached XP level 6. HP: 29/48 MP: 6/6
  3194 | D:4      | Found a runed translucent door.
  3195 | D:4      | Noticed rasy's ghost (amateur FoFi)
  3484 | D:4      | Noticed Menkaure
  3489 | D:4      | Killed from afar by Menkaure

Illustrated notes

Levels and vault maps discovered:
D:1:      lemuel_arrival_tunnels, layout_rooms
D:2:      layout_basic, kennysheep_generic_room_7, uniq_jessica
D:3:      layout_rooms, kennysheep_path_1, uniq_terence
D:4:      layout_gridville, minmay_temple_entry_statues_pillars,
          ebering_ghost_sewer_d, uniq_menkaure, uniq_grinder

Skill      XL: |  1  2  3  4  5 |
---------------+----------------+-----
Long Blades    | 2 3 |  3.5
Shields        | 3 |  3.8
Armour         | 3 |  3.9
Dodging        | 1 |  1.0
Fighting       | |  3.9

Action                   |  1- 3 |  4- 6 || total
-------------------------+-------+-------++-------
Melee: Long sword        |   131 |   164 ||   295
       Headbutt          |     7 |    25 ||    32
  Use: Scroll            |     6 |     1 ||     7
       Potion            |     2 |       ||     2
Armor: Scale mail        |    71 |    85 ||   156
Dodge: Dodged            |    41 |    43 ||    84
Block: Kite shield       |    75 |    83 ||   158
       Rpst.: Long sword |    10 |    12 ||    22

Table legend: (Time is in decaauts)
 A = Elapsed time spent in this place.
 B = Non-inter-level travel time spent in this place.
 C = Inter-level travel time spent in this place.
 D = Time resting spent in this place.
 E = Time spent auto-exploring this place.
 F = Levels seen in this place.
 G = Mean time per level.
                   A        B        C        D        E       F      G
               +--------+--------+--------+--------+--------+-----+--------+
         Total |   3606 |   3557 |     49 |    839 |   1792 |   4 |  901.5 |
       Dungeon |   3606 |   3557 |     49 |    839 |   1792 |   4 |  901.5 |
               +--------+--------+--------+--------+--------+-----+--------+

Top non-repeatable levels by time:
     D:2: 1347 daAuts
     D:1: 1023 daAuts
     D:3: 790 daAuts
     D:4: 445 daAuts
